 Dungeon Crawl Stone Soup version 0.30.1-4-g462c640d31 (webtiles) character file.

Game seed: 3438650905404523681

760 Fortress the Insei (level 8, -1/87 HPs)
             Began as a Djinni Transmuter on Aug 8, 2023.
             Slain by a gnoll
             ... wielding a +0 halberd
              (5 damage)
             ... on level 4 of the Dungeon on Aug 11, 2023.
             The game lasted 00:23:31 (3502 turns).

Fortress the Insei (Djinni Transmuter)              Turns: 3502, Time: 00:23:34

Health: -1/87      AC: 24    Str: 13    XL:     8   Next: 7%
Gold:   201        EV:  2    Int: 21    God:
                   SH:  0    Dex: 12

rFire   . . .        a - +9 hand axe of Suhychav {spect, rC- Int+4 Stlth+}
rCold   x . .        (no shield)
rNeg    . . .        i - melded +0 leather armour
rPois   ∞            (helmet currently unavailable)
rElec   .            (cloak currently unavailable)
rCorr   .            (gloves currently unavailable)
SInv    .            (boots unavailable)
Will    .....        (no amulet)
Stlth   ++           (no ring)
HPRegen 0.34/turn    (no ring)
MPRegen 0.00/turn

%: infuse magic (-2 HP)
@: tree-form (expiring), weak-willed
A: stationary, stasis, torment immunity, boosted hp, sickness immunity, (fire
resistance 2), (cold vulnerability 1), float, innate caster, HP casting, extra
vitality 1, (horns 1), (iridescent scales 1), sense surroundings 1, strong 1
a: no special abilities


You were on level 4 of the Dungeon.
You were a tree.
You visited 1 branch of the dungeon, and saw 4 of its levels.
You also visited: Ossuary.

You collected 201 gold pieces.

Inventory:

Hand Weapons
 a - the +9 hand axe of Suhychav (weapon) {spect, rC- Int+4 Stlth+}
   (You acquired it on level 4 of the Dungeon)

   Int:       It affects your intelligence (+4).
   rC:        It makes you vulnerable to cold.
   Stlth:     It makes you more stealthy.
 m - a +4 club
Armour
 i - a +0 leather armour (melded)
Scrolls
 d - 10 scrolls of identify
 f - a scroll of fog
 g - a scroll of teleportation
 h - a scroll of acquirement
 j - 2 scrolls of amnesia
Potions
 e - 2 potions of mutation
 k - a potion of flight
 n - a potion of ambrosia
 o - 3 potions of curing
 q - a potion of haste


   Skills:
 + Level 4.3 Fighting
 - Level 3.0 Dodging
 - Level 6.0 Unarmed Combat
 + Level 3.7 Spellcasting


You knew the following spells:

 Your Spells              Type           Power      Damage    Failure   Level
a - Beastly Appendage     Tmut           38%        N/A       2%          1
b - Wereblood             Tmut           19%        N/A       4%          2
c - Spider Form           Tmut/Pois      19%        N/A       8%          3
d - Ice Form              Ice/Tmut       19%        N/A       26%         4
e - Freeze                Ice            76%        1d8       2%          1
f - Passwall              Tmut/Erth      15%        N/A       4%          2
g - Vhi's Electric Charg  Tloc/Air       38%        N/A       8%          3
Your spell library was empty.

Dungeon Overview and Level Annotations

Branches:
Dungeon (4/15)            Ossuary (visited)
 Temple: D:4-7

Altars:
Yredelemnul

Annotations:
D:4 1 transporter


Innate Abilities, Weirdness & Mutations

You are a tree.
Your roots penetrate the ground, keeping you stationary.
You cannot be teleported.
You are immune to unholy pain and torment.
Your maximum health is greatly increased.
Your equipment is partially melded.
You are immune to sickness and miasma.
You are immune to poison.
((Your flesh is very heat resistant. (rF++)))
((You are vulnerable to cold. (rC-)))
You float through the air rather than walking.
You learn spells naturally, not from books.
Your magical power is your life essence.
You have superior vitality. (+4 MHP)
((You have a pair of small horns on your head.))
((You are partially covered in iridescent scales. (AC +2)))
You passively map a small area around you.
Your muscles are strong. (Str +4, Int/Dex -1)


Message History

The gnoll hits you from afar with a +0 halberd.
* * * LOW HITPOINT WARNING * * *
As you read the scroll of identify, it crumbles to dust.
q - a potion of haste Your primal bloodlust has ended.
The gnoll barely misses you. The gnoll hits you but does no damage.
The gnoll hits you from afar with a +0 halberd.
* * * LOW HITPOINT WARNING * * *
This is a scroll of acquirement!
Something appears before you!
The gnoll hits you from afar with a +1 spear of venom.
* * * LOW HITPOINT WARNING * * *
The gnoll hits you but does no damage. x2
Okay, then.
a - the +9 hand axe of Suhychav {spect, rC- Int+4 Stlth+} The gnoll hits you but does no damage. x3
You feel clever.
You feel a bond with the +9 hand axe of Suhychav {spect, rC- Int+4 Stlth+}.
a - the +9 hand axe of Suhychav (weapon)
{spect, rC- Int+4 Stlth+} Your transformation is almost over.
The gnoll hits you from afar with a +1 spear of venom.
* * * LOW HITPOINT WARNING * * *
The gnoll hits you but does no damage. The gnoll barely misses you.
As you read the scroll labelled JAEGIPH SOUQ, it crumbles to dust.
It is a scroll of amnesia.
You feel forgetful for a moment. The gnoll completely misses you.
The gnoll hits you but does no damage. x2
As you read the scroll labelled CYBA REIWI MONK, it crumbles to dust.
Magic quickly surges around you.
It was a scroll of vulnerability.
The gnoll hits you from afar with a +1 spear of venom.
* * * LOW HITPOINT WARNING * * *
The gnoll hits you but does no damage. x2
As you read the scroll labelled BELAHO BEFYARGH, it crumbles to dust.
You cannot blink because you are held in place by your roots.
It was a scroll of blinking.
The gnoll hits you from afar with a +1 spear of venom.
* * * LOW HITPOINT WARNING * * *
The gnoll hits you but does no damage.
The gnoll hits you from afar with a +0 halberd.
You die...

.######.≈≈####.....####≈≈..##.###
.....##.≈≈#..#8###8#..#≈≈.###<...
.##.....≈≈#8.###.###.8#≈≈.#...).#
.##.>.#.≈≈#.........).#≈≈.#.....#
.#......≈≈###.##'##.###≈≈.#......
.#.#.##.≈≈..#.#...#.#..≈≈.#....<#
.#.#.##.≈≈.##.#gg§#.##.≈≈.#.....#
.#.(.##.≈≈.#..#§§§#..#.≈≈.###.###
........≈≈.##.##♣##.##.≈≈.# #.#
.##.##......#.#§§§#.#..≈≈.# #.#
.##.##.....©#.'§§§g.#©.~~.# #.#
............#.#8⌠8#.#..≈≈.# #.#
.##.##..≈≈.##.#####.##.≈≈.# #.##
.##.##..≈≈.#©.# #..#.≈≈.# #..#
.##.###.≈≈.##.#. #.##.≈≈.# ##.#
.##)# #.≈≈..#.#..,#.#..≈≈.# #.#
.##.# #.≈≈###.##+##.###≈≈.# #.#


You could see 3 gnolls.

Vanquished Creatures
  An ogre (D:4)
  2 elf zombies (Ossuary)
  A centaur zombie (Ossuary)
  A hound (D:4)
  2 human zombies (Ossuary)
  2 orc priests (D:3)
  Jessica (D:2)
  Natasha (thrice) (D:2)
  3 orc wizards (D:3)
  2 mummies (Ossuary)
  A gnoll (D:4)
  5 adders
  An adder zombie (Ossuary)
  A worm (D:4)
  2 dart slugs
  10 orcs
  9 endoplasms
  6 goblins
  8 hobgoblins
  6 quokkas
  5 ball pythons
  9 bats
  3 frilled lizards
  2 goblin zombies (Ossuary)
  10 hobgoblin zombies (Ossuary)
  A kobold (D:4)
  11 kobold zombies (Ossuary)
  6 orc zombies (Ossuary)
  2 rats (D:3)
  2 rat zombies (Ossuary)
118 creatures vanquished.

Notes
Turn   | Place    | Note
-------+----------+-------------------------------------------
     0 | D:1      | Fortress the Djinni Transmuter began the quest for the Orb.
     0 | D:1      | Fortress set off with the following spells memorised:
                  | Beastly Appendage, Wereblood, Spider Form, Ice Form.
     0 | D:1      | Reached XP level 1. HP: 17/17 MP: 0/0
   181 | D:1      | Reached XP level 2. HP: 14/22 MP: 0/0
   245 | D:1      | HP: 1/22 [frozen (6)]
   630 | D:2      | Noticed Natasha
   636 | D:2      | Gained mutation: You passively map a small area around you.
                  | [potion of mutation]
   636 | D:2      | Gained mutation: You have a pair of large horns on your
                  | head. [potion of mutation]
   636 | D:2      | Gained mutation: You are partially covered in iridescent
                  | scales. (AC +2) [potion of mutation]
   636 | D:2      | Gained mutation: Your muscles are strong. (Str +4, Int/Dex
                  | -1) [potion of mutation]
   638 | D:2      | Killed Natasha
   639 | D:2      | Reached XP level 3. HP: 6/27 MP: 0/0
   639 | D:2      | Learned a level 1 spell: Freeze
   723 | D:2      | Upgraded the game from 0.30.1-3-gfc49f6343a to
                  | 0.30.1-4-g462c640d31
   767 | D:2      | Reached XP level 4. HP: 27/32 MP: 0/0
   787 | D:2      | Reached skill level 4 in Unarmed Combat
   944 | D:2      | Noticed Jessica
   956 | D:2      | Killed Jessica
  1010 | D:2      | Reached XP level 5. HP: 37/37 MP: 0/0
  1010 | D:2      | Learned a level 2 spell: Passwall
  1012 | D:2      | Noticed Natasha
  1023 | D:2      | Killed Natasha
  1341 | D:2      | Noticed Natasha
  1356 | D:2      | Killed Natasha
  1357 | D:2      | Reached skill level 5 in Unarmed Combat
  1561 | D:3      | Reached XP level 6. HP: 38/42 MP: 0/0
  1946 | D:3      | Reached skill level 6 in Unarmed Combat
  2233 | D:4      | Found a sand-covered staircase.
  2243 | Ossuary  | Entered an ossuary
  2412 | Ossuary  | Reached XP level 7. HP: 49/49 MP: 0/0
  2412 | Ossuary  | Learned a level 3 spell: Vhi's Electric Charge
  3031 | D:4      | Found a transporter.
  3032 | D:4      | Found a transporter.
  3088 | D:4      | Reached XP level 8. HP: 57/58 MP: 0/0
  3304 | D:4      | Found a basalt altar of Yredelemnul.
  3497 | D:4      | Identified 2 scrolls of acquirement
  3497 | D:4      | Acquired the +9 hand axe of Suhychav {spect, rC- Int+4
                  | Stlth+}
  3502 | D:4      | HP: 4/87 [gnoll/+1 spear of venom (6)]
  3502 | D:4      | Slain by a gnoll

Illustrated notes

Levels and vault maps discovered:
D:1:      dpeg_arrival_rhombi, layout_rooms
D:2:      layout_loops_ring, uniq_natasha, uniq_jessica
D:3:      layout_rooms, kennysheep_orc_sif_temple
D:4:      layout_loops_ring, mainiacjoe_overflow_concentric_impassable,
          chequers_ossuary_entry_cave, gammafunk_ghost_gnarly_gnolls

Skill      XL: |  1  2  3  4  5  6  7 |
---------------+----------------------+-----
Unarmed Combat | 4 5 6 |  6.0
Dodging        | 3 |  3.0
Spellcasting   | 2 3 |  3.7
Fighting       | 2 4 |  4.3

Action                     |  1- 3 |  4- 6 |  7- 9 || total
---------------------------+-------+-------+-------++-------
  Melee: Unarmed           |    73 |   224 |   135 ||   432
         Headbutt          |     8 |    32 |    30 ||    70
         Punch             |     1 |     5 |     5 ||    11
   Cast: Beastly Appendage |    10 |       |       ||    10
         Wereblood         |     1 |     7 |     3 ||    11
    Use: Potion            |     1 |     2 |     3 ||     6
         Scroll            |       |       |    11 ||    11
 Armour: Robe              |    14 |       |       ||    14
         Leather armour    |     7 |    69 |    27 ||   103
         Skin              |       |       |    32 ||    32
  Dodge: Dodged            |    49 |   121 |    79 ||   249
